 Dungeon Crawl Stone Soup version 0.29.1-2-gbd0b4ee654 (webtiles) character file.

Game seed: 2927580590642054863

62 wingedge the Caller (level 3, 0/15 HPs)
             Began as a Felid Summoner on Nov 7, 2022.
             Succumbed to an adder's poison
             ... on level 3 of the Dungeon.
             The game lasted 00:07:44 (1842 turns).

wingedge the Caller (Felid Summoner)                Turns: 1842, Time: 00:07:45

Health: 0/15       AC:  1    Str:  4    XL:     3   Next: 85%
Magic:  6/8        EV: 17    Int: 18    God:
Gold:   64         SH:  0    Dex: 16    Spells: 4/8 levels left
                                        Lives:  0   Deaths: 0

rFire   . . .      SeeInvis +   (weapon unavailable)
rCold   . . .      Faith    .   (shield unavailable)
rNeg    . . .      Spirit   .   (body armour unavailable)
rPois   .          Reflect  .   (helmet unavailable)
rElec   .          Harm     .   (cloak unavailable)
rCorr   .          Rampage  .   (gloves unavailable)
Will    .....                   (boots unavailable)
Stlth   ++........              (no amulet)
HPRegen 0.05/turn               (no ring)
MPRegen 0.11/turn               (no ring)

@: lethally poisoned (0 -> -5), quick
A: very small, claws 1, fangs 3, see invisible, speed 1, shaggy fur 1, stealthy
paws, no weapons or thrown items, no armour, multi-lived
a: no special abilities


You were on level 3 of the Dungeon.
You visited 1 branch of the dungeon, and saw 3 of its levels.

You collected 64 gold pieces.

Inventory:

Scrolls
 d - a scroll of brand weapon {unknown}
 e - a scroll of vulnerability {unknown}
Potions
 a - a potion of magic
 b - a potion of lignification {unknown}
 c - a potion of haste {unknown}


   Skills:
 + Level 1.1 Fighting
 - Level 3.0 Dodging
 - Level 3.0 Stealth
 - Level 3.0 Spellcasting
 - Level 4.0 Summonings
 - Level 2.0 Transmutations


You had 4 spell levels left.
You knew the following spells:

 Your Spells              Type           Power      Damage    Failure   Level
a - Summon Small Mammal   Summ           68%        N/A       3%          1
b - Call Imp              Summ           17%        N/A       4%          2
c - Beastly Appendage     Tmut           18%        N/A       7%          1

Your spell library contained the following spells:

 Spells                   Type           Power      Damage    Failure   Level
 Call Canine Familiar     Summ           17%        N/A       10%         3
 Wereblood                Tmut           9%         N/A       11%         2
 Summon Guardian Golem    Hex/Summ       9%         N/A       22%         3
 Spider Form              Tmut/Pois      6%         N/A       32%         3
 Ozocubu's Armour         Ice            2%         N/A       43%         3
 Summon Lightning Spire   Summ/Air       9%         N/A       56%         4
 Metabolic Englaciation   Hex/Ice        1%         N/A       99%         5
 Simulacrum               Ice/Necr       1%         N/A       100%        6


Dungeon Overview and Level Annotations

Branches:
Dungeon (3/15)

Altars:


Innate Abilities, Weirdness & Mutations

You have sharp claws.
You have razor-sharp teeth.
You have supernaturally acute eyesight. (SInv)
You cover ground quickly. (Speed+)
You are covered in fur. (AC +1)
Your paws help you pounce on unaware monsters.
You are incapable of wielding weapons or throwing items.
You cannot wear armour.
You gain extra lives every three experience levels.


Message History

Your bat hits the adder.
A ball python and an iguana come into view.
Your bat closely misses the adder.
The adder bites you.
You are poisoned.
The adder poisons you!
Casting: Summon Small Mammal (safe; 3% risk of failure)
Confirm with . or Enter, or press ? or * to list all spells.
Okay, then.
You scratch the adder. Your bite misses the adder.
The adder is heavily wounded.
You feel sick.
Your bat closely misses the adder.
The adder bites you.
You are lethally poisoned!
The adder poisons you!
Your white imp closely misses the adder.
Your rat bites the adder.
Okay, then.
You feel sick. The adder bites your rat.
Your rat dies!
Your rat's corpse disappears in a puff of smoke!
Your bat hits the adder but does no damage.
Your white imp hits the adder.
The adder dies!
Training target 3.0 for Spellcasting reached!
Your Spellcasting skill increases to level 3!
You need to enable at least one skill for training.
* * * LOW HITPOINT WARNING * * *
You feel sick.
Your bat hits the iguana but does no damage.
* * * LOW HITPOINT WARNING * * *
You feel sick.
Your bat barely misses the iguana.
The iguana bites your white imp!
Your white imp dies!
Your white imp disappears in a puff of smoke!
* * * LOW HITPOINT WARNING * * *
You feel sick.
* * * LOW HITPOINT WARNING * * *
You feel sick.
Your bat hits the iguana but does no damage.
You die...

.# #.##.#....###...###
. .....#...........#
.....##.........#.# #
...... #.........#.##..
.......
#....†....#....#
.......##.............#
########..###.# ##.##
### ### ####.@# ....
....#$....## .....
.......b...##......
.........l.S.....>.
............#......
............# .....
............# ....
............# ...
############# ##


You could see an iguana (ally target), a ball python and a friendly bat
(summoned).

Vanquished Creatures
  A dart slug (D:3)
  2 bats
  A giant cockroach (D:1)
  A goblin (D:1)
  A hobgoblin (D:2)
  A quokka (D:1)
  A rat (D:2)
8 creatures vanquished.

Vanquished Creatures (collateral kills)
  2 adders (D:3)
  A worm (D:2)
  2 dart slugs (D:2)
  An orc (D:3)
  3 endoplasms (D:2)
  A giant cockroach (D:3)
  2 goblins
  5 kobolds
  3 ball pythons
  3 bats
  3 rats (D:2)
26 creatures vanquished.

Grand Total: 34 creatures vanquished

Notes
Turn   | Place    | Note
-------+----------+-------------------------------------------
     0 | D:1      | wingedge the Felid Summoner began the quest for the Orb.
     0 | D:1      | Reached XP level 1. HP: 7/7 MP: 4/4
   279 | D:1      | Reached skill level 1 in Fighting
   290 | D:1      | Found a faded altar of an unknown god.
   310 | D:1      | Reached XP level 2. HP: 12/12 MP: 3/6
   376 | D:1      | You fall into a shaft and drop 1 floor!
   386 | D:2      | Reached skill level 1 in Transmutations
   389 | D:2      | Learned a level 2 spell: Call Imp
   391 | D:2      | Learned a level 1 spell: Beastly Appendage
   908 | D:2      | Reached XP level 3. HP: 14/15 MP: 4/7
  1842 | D:3      | Succumbed to an adder's poison

Illustrated notes

Levels and vault maps discovered:
D:1:      scummos_arrival_forest, layout_basic, serial_curves, eino_curves_03,
          eino_curves_01, ebering_ecumenical_altar_abandoned
D:2:      layout_rooms, minmay_goblin_kobold_house
D:3:      layout_rooms, biasface_ghost_orc_armoury, minmay_increasing_density

Skill      XL: |  1  2  3 |
---------------+----------+-----
Dodging        | 3 |  3.0
Stealth        | 3 |  3.0
Fighting       | 1 |  1.1
Transmutations | 1 2 |  2.0
Spellcasting   | 3 |  3.0
Summonings     | |  4.0

Action                   || total
-------------------------++-------
Melee: Unarmed           ||    55
       Bite              ||     4
       Headbutt          ||     2
 Cast: Summon Small Mamm ||    28
       Call Imp          ||    17
       Beastly Appendage ||     5
 Stab: Sleeping          ||     3
Armor: Skin              ||    10
Dodge: Dodged            ||    53
